 Dungeon Crawl Stone Soup version 0.30.1-8-g117510f58f (webtiles) character file.

Game seed: 1964916953161051840

6 Ivernyr the Ducker (level 1, 0/11 HPs)
             Began as a Spriggan Gladiator on Sept 23, 2023.
             Slain by a kobold
             ... wielding a +0 short sword
              (4 damage)
             ... on level 1 of the Dungeon.
             The game lasted 00:00:20 (49 turns).

Ivernyr the Ducker (Spriggan Gladiator)               Turns: 49, Time: 00:00:21

Health: 0/11       AC:  2    Str: 10    XL:     1   Next: 75%
Magic:  2/2        EV: 18    Int:  9    God:
Gold:   0          SH:  0    Dex: 16    Spells: 0/0 levels left

rFire   . . .        a - +0 long sword
rCold   . . .        (no shield)
rNeg    . . .        b - +0 robe
rPois   .            c - +0 hat
rElec   .            (no cloak)
rCorr   .            (gloves unavailable)
SInv    +            (boots unavailable)
Will    .....        (no amulet)
Stlth   +            (no ring)
HPRegen 0.21/turn    (no ring)
MPRegen 0.08/turn

%: no passive effects
@: very quick
A: very small, no large weapons, unfitting armour, see invisible, speed 3
a: no special abilities


You were on level 1 of the Dungeon.
You visited 1 branch of the dungeon, and saw 1 of its levels.

Inventory:

Hand Weapons
 a - a +0 long sword (weapon)
Missiles
 d - 3 throwing nets (quivered)
 e - 2 boomerangs
Armour
 b - a +0 robe (worn)
 c - a +0 hat (worn)


   Skills:
 + Level 1.6 Fighting
 * Level 2.5 Long Blades
 + Level 2.0 Throwing
 + Level 0.2 Armour
 + Level 4.1 Dodging


You couldn't memorise any spells.
You didn't know any spells.
Your spell library contained the following spells:

 Spells                   Type           Power      Damage    Failure   Level
 Ensorcelled Hibernation  Hex/Ice        0%         N/A       52%         2
 Passwall                 Tmut/Erth      0%         N/A       52%         2
 Swiftness                Air            0%         N/A       77%         3


Dungeon Overview and Level Annotations

Branches:
Dungeon (1/15)

Altars:


Innate Abilities, Weirdness & Mutations

You are very small and have problems with some larger weapons.
You are too small for most types of armour.
You have supernaturally acute eyesight. (SInv)
You cover ground extremely quickly. (Speed+++)


Message History

Things that are here:
a +0 club; a goblin corpse You hit the hobgoblin.
The hobgoblin is heavily wounded.
The hobgoblin closely misses you.
You barely miss the hobgoblin.
The hobgoblin is heavily wounded.
The hobgoblin misses you.
A kobold comes into view. It is wielding a +0 short sword.
The hobgoblin barely misses you.
The kobold throws a stone.
The stone closely misses you.
You barely miss the hobgoblin.
The hobgoblin is heavily wounded.
The hobgoblin barely misses you.
You barely miss the hobgoblin.
The hobgoblin is heavily wounded.
The hobgoblin closely misses you.
You slash the hobgoblin!
You kill the hobgoblin!
A kobold comes into view. It is wielding a +0 short sword.
You see here a hobgoblin corpse.
You closely miss the kobold. The kobold misses you.
You slash the kobold!
You kill the kobold!
The kobold misses you.
Things that are here:
a +0 short sword; 3 stones You hit the kobold.
The kobold is moderately wounded.
The kobold misses you. The kobold hits you but does no damage.
You barely miss the kobold.
The kobold is moderately wounded.
The kobold hits you with a +0 short sword.
You hit the kobold but do no damage.
The kobold is moderately wounded.
The kobold hits you with a +0 short sword.
You barely miss the kobold.
The kobold is moderately wounded.
The kobold hits you with a +0 short sword.
You die...

# #. . # .#### ##. ♣♣♣♣♣
...... .$# ♣..PP #.#..#
#.# ♣♣.♣♣♣ #.#..###.###
♣♣..P♣♣
#..........#♣♣♣....P♣
#.††#....#♣....⌠.♣♣
#K@)...###♣.♣.....♣
#.....$##.#..#♣.♣P♣P...
.....#####.#.##♣.♣♣♣♣♣..
.###. #....'......... #
#....#♣♣♣♣♣♣♣♣♣ ##...#
#.>.# #.... #...##


You could see a kobold.

Vanquished Creatures
  A goblin (D:1)
  2 hobgoblins (D:1)
  A kobold (D:1)
  A rat (D:1)
5 creatures vanquished.

Notes
Turn   | Place    | Note
-------+----------+-------------------------------------------
     0 | D:1      | Ivernyr the Spriggan Gladiator began the quest for the Orb.
     0 | D:1      | Reached XP level 1. HP: 10/10 MP: 2/2
    49 | D:1      | Slain by a kobold

Illustrated notes

Levels and vault maps discovered:
D:1:      psy_arrival_fountain, layout_loops_cross,
          shapermc_ecumenical_altar_totnotflames

Action                     || total
---------------------------++-------
  Melee: Long sword        ||    17
 Armour: Robe              ||     1
  Dodge: Dodged            ||    19
